Workbook
Name _rostok.chellab.ru: #REF!
Name cher: #REF!
Name cher: #REF!
Name cher: #REF!
Name chercher: #REF!
Name chercher: #REF!
Name chercher: #REF!
Name cherhug: #REF!
Name cherhug: #REF!
Name cherhug: #REF!
Name cherr: #REF!
Name cherr: #REF!
Name cherr: #REF!
Name hg: #REF!
Name hg: #REF!
Name hg: #REF!
Name hgn: #REF!
Name hgn: #REF!
Name hgn: #REF!
Name hoog: #REF!
Name hoog: #REF!
Name hoog: #REF!
Name hug: #REF!
Name hug: #REF!
Name hug: #REF!
Name hugeh: #REF!
Name hugeh: #REF!
Name hugeh: #REF!
Name HUGEN: #REF!
Name HUGEN: #REF!
Name HUGEN: #REF!
Name hugenhgn: #REF!
Name hugenhgn: #REF!
Name hugenhgn: #REF!
Name hugg: #REF!
Name hugg: #REF!
Name hugg: #REF!
Name huggen: #REF!
Name huggen: #REF!
Name huggen: #REF!
Name huggg: #REF!
Name huggg: #REF!
Name huggg: #REF!
Name huhughug: #REF!
Name huhughug: #REF!
Name huhughug: #REF!
Name newhugen: #REF!
Name newhugen: #REF!
Name newhugen: #REF!
Name nj: '[1]ПРАЙС УСПЕХ'!#REF!
Name nj: '[1]ПРАЙС УСПЕХ'!#REF!
Name price: #REF!
Name price: #REF!
Name price: #REF!
Name prov: 'Польша 04-29'!#REF!
Name prov: 'Польша 04-30'!#REF!
Name prov: ПРАЙС!#REF!
Name prov: 'ПРЕДЗАКАЗ СТОК'!#REF!
Name prov: '[1]ПРАЙС УСПЕХ'!#REF!
Name qwxq: #REF!

Sheet ПРАЙС
C1: ПРАЙС КОНТЕЙНЕРНЫЕ РАСТЕНИЯ.ПРЕДЗАКАЗ. ВЕСНА 2024 (от 11.12.2023)
C2: ВНИМАНИЕ! Ознакомьтесь с условиями работы, изложенными на листе2
C3: Стоимость Товара иностранного производства, тары, услуги доставки, комиссии за денежный перевод на момент размещения заказа являются ориентировочными/приблизительными. В случае существенного изменения экономической и политической ситуации на рынке и в мире, Поставщик оставляет за собой право изменения цены на Товар, тару, услуги доставки, комиссии за денежный перевод в любой момент до передачи его Покупателю.
C6: Внимание! Возможны обновления и дополнения прайс-листа.
C7: В ПРАЙСЕ ПРЕДСТАВЛЕНЫ СТОКОВЫЕ ПОЗИЦИИ КОНТЕЙНЕРНЫХ РАСТЕНИЙ, А ТАК ЖЕ ПРЕДЛОЖЕНИЯ ОТ 8 ЕВРОПЕЙСКИХ ПОСТАВЩИКОВ (НИДЕРЛАНДЫ, ГЕРМАНИЯ, ПОЛЬША). КАЖДАЯ ВКЛАДКА В ПРАЙСЕ - НОВЫЙ ПОСТАВЩИК. НЕОБХОДИМО ВЫПОЛНИТЬ УСЛОВИЯ ПО ОБЩЕМУ МИНИМАЛЬНОМУ ЗАКАЗУ В КАЖДОМ ПРЕДЛОЖЕНИИ(ВКЛАДКЕ)
C11: Минимальный ОБЩИЙ заказ на стоковые позиции 300 евро.
C12: Минимальный ОБЩИЙ заказ по КАЖДОМУ ПОСТАВЩИКУ 300 евро.
C13: Отгрузка с 20 апреля 2024г. | E13: Калькулятор
C14: Минимальный заказ на сорт: указан в колонке "Кратность заказа". | E14: Курс евро | F14: 100 | G14: Курс валюты банка уточняйте у менеджера
C15: Порядок оплаты: предоплата 30% при бронировании, 40% до 15 февраля 2024г, 30% до 10 марта 2024г. | E15: Итого, евро | F15: =SUM(ТабИтогОбщий[Сумма]) -> 0
C16: Тара оплачивается отдельно. | E16: Сумма, евро | F16: =F15-(#REF!*F15/100) -> #REF!
E17: Сумма итого, руб. | F17: =F16*F14 -> #REF!
C18: Страна производства | D18: . | E18: Сумма
C19: В Наличии на складе → | D19: Сток Польша, Нидерланды, Бельгия | E19: =IF('ПРЕДЗАКАЗ СТОК'!$K$4<300,"",'ПРЕДЗАКАЗ СТОК'!$K$4)
B20: ПОСТАВЩИК №1 | C20: Нидерланды 02-45 → | D20: Редкие сорта хвойных | E20: =IF('Нидерланды 02-45'!$K$4<300,"",'Нидерланды 02-45'!$K$4)
B21: ПОСТАВЩИК №2 | C21: Нидерланды 02-46 → | D21: Редкие сорта хвойных | E21: =IF('Нидерланды 02-46'!$K$4<300,"",'Нидерланды 02-46'!$K$4)
B22: ПОСТАВЩИК №3 | C22: Нидерланды 02-47 → | D22: Редкие сорта хвойных | E22: =IF('Нидерланды 02-47'!$K$4<300,"",'Нидерланды 02-47'!$K$4)
B23: ПОСТАВЩИК №4 | C23: Нидерланды 02-48 → | D23: Растения на штамбе | E23: =IF('Нидерланды 02-48'!$K$4<300,"",'Нидерланды 02-48'!$K$4)
B24: ПОСТАВЩИК №5 | C24: Германия 08-04 → | D24: Верески, Лиственные и хвойные растения | E24: =IF('Германия 08-04'!$K$4<300,"",'Германия 08-04'!$K$4)
B25: ПОСТАВЩИК №6 | C25: Польша 04-08 → | D25: Хвойные, лиственные растения и вьющиеся растения | E25: =IF('Польша 04-08'!$K$4<300,"",'Польша 04-08'!$K$4)
B26: ПОСТАВЩИК №7 | C26: Польша 04-29 → | D26: Декоративные, плодовые деревья и кустарники | E26: =IF('Польша 04-29'!$K$4<300,"",'Польша 04-29'!$K$4)
B27: ПОСТАВЩИК №8 | C27: Польша 04-30 → | D27: Редкие сорта хвойных | E27: =IF('Польша 04-30'!$K$4<300,"",'Польша 04-30'!$K$4)

Sheet ПРЕДЗАКАЗ СТОК
C1: Предзаказ СТОК ВЕСНА 2024
C2: Минимальный заказ по стоку: 300 евро
B3: Артикул | C3: Наименование | D3: Контейнер/корень | E3: Группа товаров | F3: Кратность заказа | G3: Цена | H3: Заказ | I3: Итого | J3: Наличие | K3: Итого Евро | L3: Итого в руб.
K4: =SUM(ТабСток[Итого]) -> 0 | L4: =ТабСток[[#This Row],[Итого Евро]]*ПРАЙС!$F$14 -> 0
B5: 04-08-0623 | C5: Азалия гибридная (Azalea knap hill Gibraltar) C2 | D5: C2 | E5: Лиственные | F5: 3 | G5: 10.92 | I5: =IFERROR(ТабСток[[#This Row],[Цена]]*ТабСток[[#This Row],[Заказ]],"") -> 0 | J5: Заказ со стока | K5: =IF(AND($K$4>0,$K$4<300),"Минимальный заказ по вкладке 300 евро","")
B6: 04-08-0624 | C6: Азалия гибридная (Azalea knap hill Klondyke) C2 | D6: C2 | E6: Лиственные | F6: 3 | G6: 10.92 | I6: =IFERROR(ТабСток[[#This Row],[Цена]]*ТабСток[[#This Row],[Заказ]],"") -> 0 | J6: Заказ со стока | K6: =IF(AND($K$4>0,$K$4<300),"Минимальный заказ по вкладке 300 евро","")
B7: 04-08-0620 | C7: Азалия гибридная (Azalea knap hill Nabuco) C2 | D7: C2 | E7: Лиственные | F7: 3 | G7: 10.92 | I7: =IFERROR(ТабСток[[#This Row],[Цена]]*ТабСток[[#This Row],[Заказ]],"") -> 0 | J7: Заказ со стока | K7: =IF(AND($K$4>0,$K$4<300),"Минимальный заказ по вкладке 300 евро","")
B8: 04-08-0621 | C8: Азалия гибридная (Azalea knap hill Sarina) C2 | D8: C2 | E8: Лиственные | F8: 3 | G8: 10.92 | I8: =IFERROR(ТабСток[[#This Row],[Цена]]*ТабСток[[#This Row],[Заказ]],"") -> 0 | J8: Заказ со стока | K8: =IF(AND($K$4>0,$K$4<300),"Минимальный заказ по вкладке 300 евро","")
B9: 04-08-0610 | C9: Азалия японская (Azalea japonica Allotria) C1,5 | D9: C1,5 | E9: Лиственные | F9: 5 | G9: 7.56 | I9: =IFERROR(ТабСток[[#This Row],[Цена]]*ТабСток[[#This Row],[Заказ]],"") -> 0 | J9: Заказ со стока | K9: =IF(AND($K$4>0,$K$4<300),"Минимальный заказ по вкладке 300 евро","")
B10: 04-08-0611 | C10: Азалия японская (Azalea japonica Babuschka) C1,5 | D10: C1,5 | E10: Лиственные | F10: 5 | G10: 8.4 | I10: =IFERROR(ТабСток[[#This Row],[Цена]]*ТабСток[[#This Row],[Заказ]],"") -> 0 | J10: Заказ со стока | K10: =IF(AND($K$4>0,$K$4<300),"Минимальный заказ по вкладке 300 евро","")
B11: 04-08-0612 | C11: Азалия японская (Azalea japonica Geisha Orange) C1,5 | D11: C1,5 | E11: Лиственные | F11: 5 | G11: 7.56 | I11: =IFERROR(ТабСток[[#This Row],[Цена]]*ТабСток[[#This Row],[Заказ]],"") -> 0 | J11: Заказ со стока | K11: =IF(AND($K$4>0,$K$4<300),"Минимальный заказ по вкладке 300 евро","")
B12: 04-08-0613 | C12: Азалия японская (Azalea japonica Georg Arends) C1,5 | D12: C1,5 | E12: Лиственные | F12: 5 | G12: 7.56 | I12: =IFERROR(ТабСток[[#This Row],[Цена]]*ТабСток[[#This Row],[Заказ]],"") -> 0 | J12: Заказ со стока | K12: =IF(AND($K$4>0,$K$4<300),"Минимальный заказ по вкладке 300 евро","")
B13: 04-08-0614 | C13: Азалия японская (Azalea japonica Maruschka) C1,5 | D13: C1,5 | E13: Лиственные | F13: 5 | G13: 8.4 | I13: =IFERROR(ТабСток[[#This Row],[Цена]]*ТабСток[[#This Row],[Заказ]],"") -> 0 | J13: Заказ со стока | K13: =IF(AND($K$4>0,$K$4<300),"Минимальный заказ по вкладке 300 евро","")
B14: 04-08-0615 | C14: Азалия японская (Azalea japonica Melina) C1,5 | D14: C1,5 | E14: Лиственные | F14: 5 | G14: 7.56 | I14: =IFERROR(ТабСток[[#This Row],[Цена]]*ТабСток[[#This Row],[Заказ]],"") -> 0 | J14: Заказ со стока | K14: =IF(AND($K$4>0,$K$4<300),"Минимальный заказ по вкладке 300 евро","")
B15: 04-08-0616 | C15: Азалия японская (Azalea japonica Rokoko) C1,5 | D15: C1,5 | E15: Лиственные | F15: 5 | G15: 7.56 | I15: =IFERROR(ТабСток[[#This Row],[Цена]]*ТабСток[[#This Row],[Заказ]],"") -> 0 | J15: Заказ со стока | K15: =IF(AND($K$4>0,$K$4<300),"Минимальный заказ по вкладке 300 евро","")
B16: 04-08-0617 | C16: Азалия японская (Azalea japonica Rubinstern) C1,5 | D16: C1,5 | E16: Лиственные | F16: 5 | G16: 7.56 | I16: =IFERROR(ТабСток[[#This Row],[Цена]]*ТабСток[[#This Row],[Заказ]],"") -> 0 | J16: Заказ со стока | K16: =IF(AND($K$4>0,$K$4<300),"Минимальный заказ по вкладке 300 евро","")
... B522: 04-08-1153 | C522: Яблоня (Malus Rudolph) C6 PA100-120 | D522: C6 | E522: Лиственные | F522: 1 | G522: 29.4 | I522: =IFERROR(ТабСток[[#This Row],[Цена]]*ТабСток[[#This Row],[Заказ]],"") -> 0 | J522: Заказ со стока | K522: =IF(AND($K$4>0,$K$4<300),"Минимальный заказ по вкладке 300 евро","")

Sheet Нидерланды 02-45
B1: ПОСТАВЩИК №1 | C1: Нидерланды 02-45 ВЕСНА 2024
C2: Минимальный заказ: 300 евро
B3: Артикул | C3: Наименование | D3: Контейнер/корень | E3: Группа товаров | F3: Кратность заказа | G3: Цена | H3: Заказ | I3: Итого | J3: Наличие | K3: Итого Евро | L3: Итого в руб.
K4: =SUM(Таб02_45[Итого]) -> 0 | L4: =Таб02_45[[#This Row],[Итого Евро]]*ПРАЙС!$F$14 -> 0
B5: 02-45-0194 | C5: Азалия/Рододендрон (Rhododendron keiskei Gunther) C2 15-20 | D5: C2 | E5: Лиственные | F5: 3 | G5: 15.95 | I5: =Таб02_45[[#This Row],[Цена]]*Таб02_45[[#This Row],[Заказ]] -> 0 | J5: Под заказ | K5: =IF(AND($K$4>0,$K$4<300),"Минимальный заказ по вкладке 300 евро","")
B6: 02-45-0195 | C6: Азалия/Рододендрон (Rhododendron kovey) C2 15-20 | D6: C2 | E6: Лиственные | F6: 3 | G6: 19.38 | I6: =Таб02_45[[#This Row],[Цена]]*Таб02_45[[#This Row],[Заказ]] -> 0 | J6: Под заказ | K6: =IF(AND($K$4>0,$K$4<300),"Минимальный заказ по вкладке 300 евро","")
B7: 02-45-0196 | C7: Азалия/Рододендрон (Rhododendron kovey) C7,5 25-30 | D7: C7,5 | E7: Лиственные | F7: 1 | G7: 49.32 | I7: =Таб02_45[[#This Row],[Цена]]*Таб02_45[[#This Row],[Заказ]] -> 0 | J7: Под заказ | K7: =IF(AND($K$4>0,$K$4<300),"Минимальный заказ по вкладке 300 евро","")
B8: 02-45-0197 | C8: Азалия/Рододендрон (Rhododendron Tiny Creeper) C2 20-25 | D8: C2 | E8: Лиственные | F8: 3 | G8: 20.24 | I8: =Таб02_45[[#This Row],[Цена]]*Таб02_45[[#This Row],[Заказ]] -> 0 | J8: Под заказ | K8: =IF(AND($K$4>0,$K$4<300),"Минимальный заказ по вкладке 300 евро","")
B9: 02-45-0074 | C9: Гимнокладус двудомный (Gymnocladus dioica) C5 30-40 | D9: C5 | E9: Лиственные | F9: 1 | G9: 41.17 | I9: =Таб02_45[[#This Row],[Цена]]*Таб02_45[[#This Row],[Заказ]] -> 0 | J9: Под заказ | K9: =IF(AND($K$4>0,$K$4<300),"Минимальный заказ по вкладке 300 евро","")
B10: 02-45-0068 | C10: Гинкго билоба (Ginkgo biloba Denise) C7,5 80-90 | D10: C7,5 | E10: Лиственные | F10: 1 | G10: 51.89 | I10: =Таб02_45[[#This Row],[Цена]]*Таб02_45[[#This Row],[Заказ]] -> 0 | J10: Под заказ | K10: =IF(AND($K$4>0,$K$4<300),"Минимальный заказ по вкладке 300 евро","")
B11: 02-45-0069 | C11: Гинкго билоба (Ginkgo biloba Folkers Select) C7,5 30-40 | D11: C7,5 | E11: Лиственные | F11: 1 | G11: 51.89 | I11: =Таб02_45[[#This Row],[Цена]]*Таб02_45[[#This Row],[Заказ]] -> 0 | J11: Под заказ | K11: =IF(AND($K$4>0,$K$4<300),"Минимальный заказ по вкладке 300 евро","")
B12: 02-45-0070 | C12: Гинкго билоба (Ginkgo biloba Grove High) C7,5 30-40 | D12: C7,5 | E12: Лиственные | F12: 1 | G12: 51.89 | I12: =Таб02_45[[#This Row],[Цена]]*Таб02_45[[#This Row],[Заказ]] -> 0 | J12: Под заказ | K12: =IF(AND($K$4>0,$K$4<300),"Минимальный заказ по вкладке 300 евро","")
B13: 02-45-0071 | C13: Гинкго билоба (Ginkgo biloba Little Leaf) C7,5 50-60 | D13: C7,5 | E13: Лиственные | F13: 1 | G13: 51.89 | I13: =Таб02_45[[#This Row],[Цена]]*Таб02_45[[#This Row],[Заказ]] -> 0 | J13: Под заказ | K13: =IF(AND($K$4>0,$K$4<300),"Минимальный заказ по вкладке 300 евро","")
B14: 02-45-0072 | C14: Гинкго билоба (Ginkgo biloba Mariken) C5 25-30 | D14: C5 | E14: Лиственные | F14: 1 | G14: 37.74 | I14: =Таб02_45[[#This Row],[Цена]]*Таб02_45[[#This Row],[Заказ]] -> 0 | J14: Под заказ | K14: =IF(AND($K$4>0,$K$4<300),"Минимальный заказ по вкладке 300 евро","")
B15: 02-45-0073 | C15: Гинкго билоба (Ginkgo biloba Troll) C5 25-30 | D15: C5 | E15: Лиственные | F15: 1 | G15: 37.74 | I15: =Таб02_45[[#This Row],[Цена]]*Таб02_45[[#This Row],[Заказ]] -> 0 | J15: Под заказ | K15: =IF(AND($K$4>0,$K$4<300),"Минимальный заказ по вкладке 300 евро","")
B16: 02-45-0009 | C16: Граб обыкновенный (Carpinus betulus Columnaris Nana) C10 50-60 | D16: C10 | E16: Лиственные | F16: 1 | G16: 61.76 | I16: =Таб02_45[[#This Row],[Цена]]*Таб02_45[[#This Row],[Заказ]] -> 0 | J16: Под заказ | K16: =IF(AND($K$4>0,$K$4<300),"Минимальный заказ по вкладке 300 евро","")
... B227: 02-45-0223 | C227: Туя складчатая (Thuja plicata Whipcord) C3 20-25 | D227: C3 | E227: Хвойные | F227: 3 | G227: 18.35 | I227: =Таб02_45[[#This Row],[Цена]]*Таб02_45[[#This Row],[Заказ]] -> 0 | J227: Под заказ | K227: =IF(AND($K$4>0,$K$4<300),"Минимальный заказ по вкладке 300 евро","")

Sheet Нидерланды 02-46
B1: ПОСТАВЩИК №2 | C1: Нидерланды 02-46 ВЕСНА 2024
C2: Минимальный заказ: 300 евро
B3: Артикул | C3: Наименование | D3: Контейнер/корень | E3: Группа товаров | F3: Кратность заказа | G3: Цена | H3: Заказ | I3: Итого | J3: Наличие | K3: Итого Евро | L3: Итого в руб.
K4: =SUM(Таб02_46[Итого]) -> 0 | L4: =Таб02_46[[#This Row],[Итого Евро]]*ПРАЙС!$F$14 -> 0
B5: 02-46-0017 | C5: Гинкго билоба (Ginkgo biloba China Pendula) C2 30-40 | D5: C2 | E5: Лиственные | F5: 3 | G5: 45.56 | I5: =IFERROR(Таб02_46[[#This Row],[Цена]]*Таб02_46[[#This Row],[Заказ]],"") -> 0 | J5: Под заказ | K5: =IF(AND($K$4>0,$K$4<300),"Минимальный заказ по вкладке 300 евро","")
B6: 02-46-0018 | C6: Гинкго билоба (Ginkgo biloba Fastigiata Blagon) C2 30-50 | D6: C2 | E6: Лиственные | F6: 3 | G6: 40.4 | I6: =IFERROR(Таб02_46[[#This Row],[Цена]]*Таб02_46[[#This Row],[Заказ]],"") -> 0 | J6: Под заказ | K6: =IF(AND($K$4>0,$K$4<300),"Минимальный заказ по вкладке 300 евро","")
B7: 02-46-0019 | C7: Гинкго билоба (Ginkgo biloba Troll) C2 15-20 | D7: C2 | E7: Лиственные | F7: 3 | G7: 40.4 | I7: =IFERROR(Таб02_46[[#This Row],[Цена]]*Таб02_46[[#This Row],[Заказ]],"") -> 0 | J7: Под заказ | K7: =IF(AND($K$4>0,$K$4<300),"Минимальный заказ по вкладке 300 евро","")
B8: 02-46-0175 | C8: Ель (Picea troemner) C5 35-45 | D8: C5 | E8: Хвойные | F8: 1 | G8: 54.49 | I8: =IFERROR(Таб02_46[[#This Row],[Цена]]*Таб02_46[[#This Row],[Заказ]],"") -> 0 | J8: Под заказ | K8: =IF(AND($K$4>0,$K$4<300),"Минимальный заказ по вкладке 300 евро","")
B9: 02-46-0086 | C9: Ель альбертиана (Picea albertiana Filips Moon Mountain) C2 20-25 | D9: C2 | E9: Хвойные | F9: 3 | G9: 40.4 | I9: =IFERROR(Таб02_46[[#This Row],[Цена]]*Таб02_46[[#This Row],[Заказ]],"") -> 0 | J9: Под заказ | K9: =IF(AND($K$4>0,$K$4<300),"Минимальный заказ по вкладке 300 евро","")
B10: 02-46-0087 | C10: Ель альбертиана (Picea albertiana Hexenbesen) C5 30 25+ | D10: C5 | E10: Хвойные | F10: 1 | G10: 54.49 | I10: =IFERROR(Таб02_46[[#This Row],[Цена]]*Таб02_46[[#This Row],[Заказ]],"") -> 0 | J10: Под заказ | K10: =IF(AND($K$4>0,$K$4<300),"Минимальный заказ по вкладке 300 евро","")
B11: 02-46-0088 | C11: Ель альбертиана (Picea albertiana Iseli) C2 30 12-15 | D11: C2 | E11: Хвойные | F11: 3 | G11: 40.4 | I11: =IFERROR(Таб02_46[[#This Row],[Цена]]*Таб02_46[[#This Row],[Заказ]],"") -> 0 | J11: Под заказ | K11: =IF(AND($K$4>0,$K$4<300),"Минимальный заказ по вкладке 300 евро","")
B12: 02-46-0089 | C12: Ель альбертиана (Picea albertiana Rainbows End) C2 10 10-12 | D12: C2 | E12: Хвойные | F12: 3 | G12: 40.4 | I12: =IFERROR(Таб02_46[[#This Row],[Цена]]*Таб02_46[[#This Row],[Заказ]],"") -> 0 | J12: Под заказ | K12: =IF(AND($K$4>0,$K$4<300),"Минимальный заказ по вкладке 300 евро","")
B13: 02-46-0118 | C13: Ель аянская/иезская (Picea jezoensis Aurea) C2 15-20 | D13: C2 | E13: Хвойные | F13: 3 | G13: 40.4 | I13: =IFERROR(Таб02_46[[#This Row],[Цена]]*Таб02_46[[#This Row],[Заказ]],"") -> 0 | J13: Под заказ | K13: =IF(AND($K$4>0,$K$4<300),"Минимальный заказ по вкладке 300 евро","")
B14: 02-46-0119 | C14: Ель аянская/иезская (Picea jezoensis Nana) C2 25-30 | D14: C2 | E14: Хвойные | F14: 3 | G14: 40.4 | I14: =IFERROR(Таб02_46[[#This Row],[Цена]]*Таб02_46[[#This Row],[Заказ]],"") -> 0 | J14: Под заказ | K14: =IF(AND($K$4>0,$K$4<300),"Минимальный заказ по вкладке 300 евро","")
B15: 02-46-0117 | C15: Ель аянская/иезская (Picea jezoensis) C2 25-30 | D15: C2 | E15: Хвойные | F15: 3 | G15: 40.4 | I15: =IFERROR(Таб02_46[[#This Row],[Цена]]*Таб02_46[[#This Row],[Заказ]],"") -> 0 | J15: Под заказ | K15: =IF(AND($K$4>0,$K$4<300),"Минимальный заказ по вкладке 300 евро","")
B16: 02-46-0092 | C16: Ель Бревера (Picea breweriana Emerald Midget) C2 20-25 | D16: C2 | E16: Хвойные | F16: 3 | G16: 40.4 | I16: =IFERROR(Таб02_46[[#This Row],[Цена]]*Таб02_46[[#This Row],[Заказ]],"") -> 0 | J16: Под заказ | K16: =IF(AND($K$4>0,$K$4<300),"Минимальный заказ по вкладке 300 евро","")
... B382: 02-46-0361 | C382: Туя западный (Thuja occidentalis Trompenburg) C5 40-50 | D382: C5 | E382: Хвойные | F382: 1 | G382: 54.49 | I382: =IFERROR(Таб02_46[[#This Row],[Цена]]*Таб02_46[[#This Row],[Заказ]],"") -> 0 | J382: Под заказ | K382: =IF(AND($K$4>0,$K$4<300),"Минимальный заказ по вкладке 300 евро","")

Sheet Нидерланды 02-47
B1: ПОСТАВЩИК №3 | C1: Нидерланды 02-47 ВЕСНА 2024
C2: Минимальный заказ: 300 евро
B3: Артикул | C3: Наименование | D3: Контейнер/корень | E3: Группа товаров | F3: Кратность заказа | G3: Цена | H3: Заказ | I3: Итого | J3: Наличие | K3: Итого Евро | L3: Итого в руб.
K4: =SUM(Таб02_47[Итого]) -> 0 | L4: =Таб02_47[[#This Row],[Итого Евро]]*ПРАЙС!$F$14 -> 0
B5: 02-47-0096 | C5: Багрянник европейский (Cercis siliquastrum Bodnant) C4 50-60 | D5: C4 | E5: Лиственные | F5: 1 | G5: 34.63 | I5: =IFERROR(Таб02_47[[#This Row],[Цена]]*Таб02_47[[#This Row],[Заказ]],"") -> 0 | J5: Под заказ | K5: =IF(AND($K$4>0,$K$4<300),"Минимальный заказ по вкладке 300 евро","")
B6: 02-47-0087 | C6: Багрянник канадский (Cercis canadensis Forest Pansy) C10 150-175 | D6: C10 | E6: Лиственные | F6: 1 | G6: 90.42 | I6: =IFERROR(Таб02_47[[#This Row],[Цена]]*Таб02_47[[#This Row],[Заказ]],"") -> 0 | J6: Под заказ | K6: =IF(AND($K$4>0,$K$4<300),"Минимальный заказ по вкладке 300 евро","")
B7: 02-47-0086 | C7: Багрянник канадский (Cercis canadensis Forest Pansy) C4 60-80 | D7: C4 | E7: Лиственные | F7: 1 | G7: 34.63 | I7: =IFERROR(Таб02_47[[#This Row],[Цена]]*Таб02_47[[#This Row],[Заказ]],"") -> 0 | J7: Под заказ | K7: =IF(AND($K$4>0,$K$4<300),"Минимальный заказ по вкладке 300 евро","")
B8: 02-47-0088 | C8: Багрянник канадский (Cercis canadensis Merlot) C4 60-80 | D8: C4 | E8: Лиственные | F8: 1 | G8: 34.63 | I8: =IFERROR(Таб02_47[[#This Row],[Цена]]*Таб02_47[[#This Row],[Заказ]],"") -> 0 | J8: Под заказ | K8: =IF(AND($K$4>0,$K$4<300),"Минимальный заказ по вкладке 300 евро","")
B9: 02-47-0090 | C9: Багрянник канадский (Cercis canadensis Pink Pompon) C10 150-175 | D9: C10 | E9: Лиственные | F9: 1 | G9: 86.05 | I9: =IFERROR(Таб02_47[[#This Row],[Цена]]*Таб02_47[[#This Row],[Заказ]],"") -> 0 | J9: Под заказ | K9: =IF(AND($K$4>0,$K$4<300),"Минимальный заказ по вкладке 300 евро","")
B10: 02-47-0089 | C10: Багрянник канадский (Cercis canadensis Pink Pompon) C4 60-80 | D10: C4 | E10: Лиственные | F10: 1 | G10: 34.63 | I10: =IFERROR(Таб02_47[[#This Row],[Цена]]*Таб02_47[[#This Row],[Заказ]],"") -> 0 | J10: Под заказ | K10: =IF(AND($K$4>0,$K$4<300),"Минимальный заказ по вкладке 300 евро","")
B11: 02-47-0091 | C11: Багрянник канадский (Cercis canadensis Royal White) C10 80-100 | D11: C10 | E11: Лиственные | F11: 1 | G11: 68.55 | I11: =IFERROR(Таб02_47[[#This Row],[Цена]]*Таб02_47[[#This Row],[Заказ]],"") -> 0 | J11: Под заказ | K11: =IF(AND($K$4>0,$K$4<300),"Минимальный заказ по вкладке 300 евро","")
B12: 02-47-0092 | C12: Багрянник канадский (Cercis canadensis Ruby Atkinson) C4 60-80 | D12: C4 | E12: Лиственные | F12: 1 | G12: 34.63 | I12: =IFERROR(Таб02_47[[#This Row],[Цена]]*Таб02_47[[#This Row],[Заказ]],"") -> 0 | J12: Под заказ | K12: =IF(AND($K$4>0,$K$4<300),"Минимальный заказ по вкладке 300 евро","")
B13: 02-47-0093 | C13: Багрянник канадский (Cercis canadensis Texas White) C4 40-50 | D13: C4 | E13: Лиственные | F13: 1 | G13: 34.63 | I13: =IFERROR(Таб02_47[[#This Row],[Цена]]*Таб02_47[[#This Row],[Заказ]],"") -> 0 | J13: Под заказ | K13: =IF(AND($K$4>0,$K$4<300),"Минимальный заказ по вкладке 300 евро","")
B14: 02-47-0094 | C14: Багрянник канадский (Cercis canadensis The Rising Sun) C4 50-60 | D14: C4 | E14: Лиственные | F14: 1 | G14: 34.63 | I14: =IFERROR(Таб02_47[[#This Row],[Цена]]*Таб02_47[[#This Row],[Заказ]],"") -> 0 | J14: Под заказ | K14: =IF(AND($K$4>0,$K$4<300),"Минимальный заказ по вкладке 300 евро","")
B15: 02-47-0095 | C15: Багрянник китайская (Cercis chinensis Avondale) C5 40-50 | D15: C5 | E15: Лиственные | F15: 1 | G15: 37.95 | I15: =IFERROR(Таб02_47[[#This Row],[Цена]]*Таб02_47[[#This Row],[Заказ]],"") -> 0 | J15: Под заказ | K15: =IF(AND($K$4>0,$K$4<300),"Минимальный заказ по вкладке 300 евро","")
B16: 02-47-0220 | C16: Ель канадская (Picea glauca Pardubicky) C4 40 | D16: C4 | E16: Хвойные | F16: 1 | G16: 39 | I16: =IFERROR(Таб02_47[[#This Row],[Цена]]*Таб02_47[[#This Row],[Заказ]],"") -> 0 | J16: Под заказ | K16: =IF(AND($K$4>0,$K$4<300),"Минимальный заказ по вкладке 300 евро","")
... B431: 02-47-0211 | C431: Шелковица карликовая (Morus rotundiloba Mojo Berry) C12 175-200 | D431: C12 | E431: Лиственные | F431: 1 | G431: 91.82 | I431: =IFERROR(Таб02_47[[#This Row],[Цена]]*Таб02_47[[#This Row],[Заказ]],"") -> 0 | J431: Под заказ | K431: =IF(AND($K$4>0,$K$4<300),"Минимальный заказ по вкладке 300 евро","")

Sheet Нидерланды 02-48
B1: ПОСТАВЩИК №4 | C1: Нидерланды 02-48 ВЕСНА 2024
C2: Минимальный заказ: 300 евро
B3: Артикул | C3: Наименование | D3: Контейнер/корень | E3: Группа товаров | F3: Кратность заказа | G3: Цена | H3: Заказ | I3: Итого | J3: Наличие | K3: Итого Евро | L3: Итого в руб.
K4: =SUM(Таб02_48[Итого]) -> 0 | L4: =Таб02_48[[#This Row],[Итого Евро]]*ПРАЙС!$F$14 -> 0
B5: 02-48-0062 | C5: Арония красная (Aronia arbutifolia Brilliant) C10 PA120 3-летний | D5: C10 | E5: Лиственные | F5: 1 | G5: 85.93 | I5: =IFERROR(Таб02_48[[#This Row],[Цена]]*Таб02_48[[#This Row],[Заказ]],"") -> 0 | J5: Под заказ | K5: =IF(AND($K$4>0,$K$4<300),"Минимальный заказ по вкладке 300 евро","")
B6: 02-48-0063 | C6: Арония красная (Aronia arbutifolia Brilliant) C7,5 PA150 2-летний | D6: C7,5 | E6: Лиственные | F6: 1 | G6: 77.38 | I6: =IFERROR(Таб02_48[[#This Row],[Цена]]*Таб02_48[[#This Row],[Заказ]],"") -> 0 | J6: Под заказ | K6: =IF(AND($K$4>0,$K$4<300),"Минимальный заказ по вкладке 300 евро","")
B7: 02-48-0061 | C7: Арония красная (Aronia arbutifolia Brilliant) C7,5 PA90 2-летний | D7: C7,5 | E7: Лиственные | F7: 1 | G7: 68.36 | I7: =IFERROR(Таб02_48[[#This Row],[Цена]]*Таб02_48[[#This Row],[Заказ]],"") -> 0 | J7: Под заказ | K7: =IF(AND($K$4>0,$K$4<300),"Минимальный заказ по вкладке 300 евро","")
B8: 02-48-0068 | C8: Арония сливолистная (Aronia prunifolia Karhumaki) C7,5 PA120 2-летний | D8: C7,5 | E8: Лиственные | F8: 1 | G8: 70.17 | I8: =IFERROR(Таб02_48[[#This Row],[Цена]]*Таб02_48[[#This Row],[Заказ]],"") -> 0 | J8: Под заказ | K8: =IF(AND($K$4>0,$K$4<300),"Минимальный заказ по вкладке 300 евро","")
B9: 02-48-0069 | C9: Арония сливолистная (Aronia prunifolia Nero) C7,5 PA120 2-летний | D9: C7,5 | E9: Лиственные | F9: 1 | G9: 70.17 | I9: =IFERROR(Таб02_48[[#This Row],[Цена]]*Таб02_48[[#This Row],[Заказ]],"") -> 0 | J9: Под заказ | K9: =IF(AND($K$4>0,$K$4<300),"Минимальный заказ по вкладке 300 евро","")
B10: 02-48-0070 | C10: Арония сливолистная (Aronia prunifolia Nero) C7,5 PA150 2-летний | D10: C7,5 | E10: Лиственные | F10: 1 | G10: 77.38 | I10: =IFERROR(Таб02_48[[#This Row],[Цена]]*Таб02_48[[#This Row],[Заказ]],"") -> 0 | J10: Под заказ | K10: =IF(AND($K$4>0,$K$4<300),"Минимальный заказ по вкладке 300 евро","")
B11: 02-48-0073 | C11: Арония сливолистная (Aronia prunifolia Viking) C10 PA120 3-летний | D11: C10 | E11: Лиственные | F11: 1 | G11: 85.93 | I11: =IFERROR(Таб02_48[[#This Row],[Цена]]*Таб02_48[[#This Row],[Заказ]],"") -> 0 | J11: Под заказ | K11: =IF(AND($K$4>0,$K$4<300),"Минимальный заказ по вкладке 300 евро","")
B12: 02-48-0072 | C12: Арония сливолистная (Aronia prunifolia Viking) C7,5 PA120 2-летний | D12: C7,5 | E12: Лиственные | F12: 1 | G12: 70.17 | I12: =IFERROR(Таб02_48[[#This Row],[Цена]]*Таб02_48[[#This Row],[Заказ]],"") -> 0 | J12: Под заказ | K12: =IF(AND($K$4>0,$K$4<300),"Минимальный заказ по вкладке 300 евро","")
B13: 02-48-0071 | C13: Арония сливолистная (Aronia prunifolia Viking) C7,5 PA90 2-летний | D13: C7,5 | E13: Лиственные | F13: 1 | G13: 68.36 | I13: =IFERROR(Таб02_48[[#This Row],[Цена]]*Таб02_48[[#This Row],[Заказ]],"") -> 0 | J13: Под заказ | K13: =IF(AND($K$4>0,$K$4<300),"Минимальный заказ по вкладке 300 евро","")
B14: 02-48-0065 | C14: Арония черноплодная (Aronia melanocarpa Hugin) C10 PA120 3-летний | D14: C10 | E14: Лиственные | F14: 1 | G14: 85.93 | I14: =IFERROR(Таб02_48[[#This Row],[Цена]]*Таб02_48[[#This Row],[Заказ]],"") -> 0 | J14: Под заказ | K14: =IF(AND($K$4>0,$K$4<300),"Минимальный заказ по вкладке 300 евро","")
B15: 02-48-0067 | C15: Арония черноплодная (Aronia melanocarpa Hugin) C15 PA180 2-летний | D15: C15 | E15: Лиственные | F15: 1 | G15: 119.25 | I15: =IFERROR(Таб02_48[[#This Row],[Цена]]*Таб02_48[[#This Row],[Заказ]],"") -> 0 | J15: Под заказ | K15: =IF(AND($K$4>0,$K$4<300),"Минимальный заказ по вкладке 300 евро","")
B16: 02-48-0064 | C16: Арония черноплодная (Aronia melanocarpa Hugin) C7,5 PA120 2-летний | D16: C7,5 | E16: Лиственные | F16: 1 | G16: 70.17 | I16: =IFERROR(Таб02_48[[#This Row],[Цена]]*Таб02_48[[#This Row],[Заказ]],"") -> 0 | J16: Под заказ | K16: =IF(AND($K$4>0,$K$4<300),"Минимальный заказ по вкладке 300 евро","")
... B339: 02-48-0190 | C339: Яблоня торинго (Malus toringo Scarlett) C7,5 PA120 2-летний | D339: C7,5 | E339: Лиственные | F339: 1 | G339: 66.56 | I339: =IFERROR(Таб02_48[[#This Row],[Цена]]*Таб02_48[[#This Row],[Заказ]],"") -> 0 | J339: Под заказ | K339: =IF(AND($K$4>0,$K$4<300),"Минимальный заказ по вкладке 300 евро","")

Sheet Германия 08-04
B1: ПОСТАВЩИК №5 | C1: Германия 08-04 ВЕСНА 2024
C2: Минимальный заказ: 300 евро
B3: Артикул | C3: Наименование | D3: Контейнер/корень | E3: Группа товаров | F3: Кратность заказа | G3: Цена | H3: Заказ | I3: Итого | J3: Под заказ | K3: Итого Евро | L3: Итого в руб.
K4: =SUM(Таб08_04[Итого]) -> 0 | L4: =Таб08_04[[#This Row],[Итого Евро]]*ПРАЙС!$F$14 -> 0
B5: 08-04-0376 | C5: Азалия/Рододендрон (Rhododendron Bellefontaine) Ком 50-60 | D5: Ком | E5: Лиственные | F5: 1 | G5: 61.45 | I5: =IFERROR(Таб08_04[[#This Row],[Цена]]*Таб08_04[[#This Row],[Заказ]],"") -> 0 | J5: Под заказ | K5: =IF(AND($K$4>0,$K$4<300),"Минимальный заказ по вкладке 300 евро","")
B6: 08-04-0377 | C6: Азалия/Рододендрон (Rhododendron Bellefontaine) Ком 60-70 | D6: Ком | E6: Лиственные | F6: 1 | G6: 77.41 | I6: =IFERROR(Таб08_04[[#This Row],[Цена]]*Таб08_04[[#This Row],[Заказ]],"") -> 0 | J6: Под заказ | K6: =IF(AND($K$4>0,$K$4<300),"Минимальный заказ по вкладке 300 евро","")
B7: 08-04-0378 | C7: Азалия/Рододендрон (Rhododendron Berliner Liebe) Ком 25-30 | D7: Ком | E7: Лиственные | F7: 1 | G7: 125.76 | I7: =IFERROR(Таб08_04[[#This Row],[Цена]]*Таб08_04[[#This Row],[Заказ]],"") -> 0 | J7: Под заказ | K7: =IF(AND($K$4>0,$K$4<300),"Минимальный заказ по вкладке 300 евро","")
B8: 08-04-0379 | C8: Азалия/Рододендрон (Rhododendron Black Eye) Ком 80-90 | D8: Ком | E8: Лиственные | F8: 1 | G8: 166.79 | I8: =IFERROR(Таб08_04[[#This Row],[Цена]]*Таб08_04[[#This Row],[Заказ]],"") -> 0 | J8: Под заказ | K8: =IF(AND($K$4>0,$K$4<300),"Минимальный заказ по вкладке 300 евро","")
B9: 08-04-0381 | C9: Азалия/Рододендрон (Rhododendron Blue Print) C7,5 30-40 | D9: C7,5 | E9: Лиственные | F9: 1 | G9: 221.51 | I9: =IFERROR(Таб08_04[[#This Row],[Цена]]*Таб08_04[[#This Row],[Заказ]],"") -> 0 | J9: Под заказ | K9: =IF(AND($K$4>0,$K$4<300),"Минимальный заказ по вкладке 300 евро","")
B10: 08-04-0382 | C10: Азалия/Рододендрон (Rhododendron Bluebell) Ком 60-70 | D10: Ком | E10: Лиственные | F10: 1 | G10: 56.89 | I10: =IFERROR(Таб08_04[[#This Row],[Цена]]*Таб08_04[[#This Row],[Заказ]],"") -> 0 | J10: Под заказ | K10: =IF(AND($K$4>0,$K$4<300),"Минимальный заказ по вкладке 300 евро","")
B11: 08-04-0383 | C11: Азалия/Рододендрон (Rhododendron Blutopia) Ком 30-40 | D11: Ком | E11: Лиственные | F11: 1 | G11: 62.28 | I11: =IFERROR(Таб08_04[[#This Row],[Цена]]*Таб08_04[[#This Row],[Заказ]],"") -> 0 | J11: Под заказ | K11: =IF(AND($K$4>0,$K$4<300),"Минимальный заказ по вкладке 300 евро","")
B12: 08-04-0385 | C12: Азалия/Рододендрон (Rhododendron Brasilia) C7,5 30-40 | D12: C7,5 | E12: Лиственные | F12: 1 | G12: 73.68 | I12: =IFERROR(Таб08_04[[#This Row],[Цена]]*Таб08_04[[#This Row],[Заказ]],"") -> 0 | J12: Под заказ | K12: =IF(AND($K$4>0,$K$4<300),"Минимальный заказ по вкладке 300 евро","")
B13: 08-04-0386 | C13: Азалия/Рододендрон (Rhododendron Brasilia) C7,5 40-50 | D13: C7,5 | E13: Лиственные | F13: 1 | G13: 130.32 | I13: =IFERROR(Таб08_04[[#This Row],[Цена]]*Таб08_04[[#This Row],[Заказ]],"") -> 0 | J13: Под заказ | K13: =IF(AND($K$4>0,$K$4<300),"Минимальный заказ по вкладке 300 евро","")
B14: 08-04-0387 | C14: Азалия/Рододендрон (Rhododendron Brasilia) Ком 70-80 | D14: Ком | E14: Лиственные | F14: 1 | G14: 44.61 | I14: =IFERROR(Таб08_04[[#This Row],[Цена]]*Таб08_04[[#This Row],[Заказ]],"") -> 0 | J14: Под заказ | K14: =IF(AND($K$4>0,$K$4<300),"Минимальный заказ по вкладке 300 евро","")
B15: 08-04-0389 | C15: Азалия/Рододендрон (Rhododendron callimorphum) C5 30-40 | D15: C5 | E15: Лиственные | F15: 1 | G15: 48.34 | I15: =IFERROR(Таб08_04[[#This Row],[Цена]]*Таб08_04[[#This Row],[Заказ]],"") -> 0 | J15: Под заказ | K15: =IF(AND($K$4>0,$K$4<300),"Минимальный заказ по вкладке 300 евро","")
B16: 08-04-0401 | C16: Азалия/Рододендрон (Rhododendron Caruso) C7,5 30-40 | D16: C7,5 | E16: Лиственные | F16: 1 | G16: 130.32 | I16: =IFERROR(Таб08_04[[#This Row],[Цена]]*Таб08_04[[#This Row],[Заказ]],"") -> 0 | J16: Под заказ | K16: =IF(AND($K$4>0,$K$4<300),"Минимальный заказ по вкладке 300 евро","")
... B983: 08-04-0217 | C983: Эрика румяная (Erica cinerea Summer Gold) P0,5 10-15 | D983: P0,5 | E983: Лиственные | F983: 1 | G983: 3.93 | I983: =IFERROR(Таб08_04[[#This Row],[Цена]]*Таб08_04[[#This Row],[Заказ]],"") -> 0 | J983: Под заказ | K983: =IF(AND($K$4>0,$K$4<300),"Минимальный заказ по вкладке 300 евро","")

Sheet Польша 04-08
B1: ПОСТАВЩИК №6 | C1: Польша 04-08 ВЕСНА 2024
C2: Минимальный заказ: 300 евро
B3: Артикул | C3: Наименование | D3: Контейнер/корень | E3: Группа товаров | F3: Кратность заказа | G3: Цена | H3: Заказ | I3: Итого | J3: Наличие | K3: Итого Евро | L3: Итого в руб.
K4: =SUM(Таб04_08[Итого]) -> 0 | L4: =Таб04_08[[#This Row],[Итого Евро]]*ПРАЙС!$F$14 -> 0
B5: 04-08-0622 | C5: Азалия гибридная (Azalea knap hill Schneegold) C2 | D5: C2 | E5: Лиственные | F5: 3 | G5: 9.92 | I5: =IFERROR(Таб04_08[[#This Row],[Цена]]*Таб04_08[[#This Row],[Заказ]],"") -> 0 | J5: Под заказ | K5: =IF(AND($K$4>0,$K$4<300),"Минимальный заказ по вкладке 300 евро","")
B6: 04-08-0981 | C6: Азалия/Рододендрон (Rhododendron Cheer) C3 | D6: C3 | E6: Лиственные | F6: 3 | G6: 9.92 | I6: =IFERROR(Таб04_08[[#This Row],[Цена]]*Таб04_08[[#This Row],[Заказ]],"") -> 0 | J6: Под заказ | K6: =IF(AND($K$4>0,$K$4<300),"Минимальный заказ по вкладке 300 евро","")
B7: 04-08-0983 | C7: Азалия/Рододендрон (Rhododendron Finesse) C1,5 | D7: C1,5 | E7: Лиственные | F7: 5 | G7: 6.33 | I7: =IFERROR(Таб04_08[[#This Row],[Цена]]*Таб04_08[[#This Row],[Заказ]],"") -> 0 | J7: Под заказ | K7: =IF(AND($K$4>0,$K$4<300),"Минимальный заказ по вкладке 300 евро","")
B8: 04-08-0984 | C8: Азалия/Рододендрон (Rhododendron Germania) C1,5 | D8: C1,5 | E8: Лиственные | F8: 5 | G8: 6.33 | I8: =IFERROR(Таб04_08[[#This Row],[Цена]]*Таб04_08[[#This Row],[Заказ]],"") -> 0 | J8: Под заказ | K8: =IF(AND($K$4>0,$K$4<300),"Минимальный заказ по вкладке 300 евро","")
B9: 04-08-0987 | C9: Азалия/Рододендрон (Rhododendron Madame Masson) C25 | D9: C25 | E9: Лиственные | F9: 1 | G9: 64.9 | I9: =IFERROR(Таб04_08[[#This Row],[Цена]]*Таб04_08[[#This Row],[Заказ]],"") -> 0 | J9: Под заказ | K9: =IF(AND($K$4>0,$K$4<300),"Минимальный заказ по вкладке 300 евро","")
B10: 04-08-0986 | C10: Азалия/Рододендрон (Rhododendron Madame Masson) C3 | D10: C3 | E10: Лиственные | F10: 3 | G10: 9.92 | I10: =IFERROR(Таб04_08[[#This Row],[Цена]]*Таб04_08[[#This Row],[Заказ]],"") -> 0 | J10: Под заказ | K10: =IF(AND($K$4>0,$K$4<300),"Минимальный заказ по вкладке 300 евро","")
B11: 04-08-0988 | C11: Азалия/Рододендрон (Rhododendron Nowa Zembla) C1,5 | D11: C1,5 | E11: Лиственные | F11: 5 | G11: 6.33 | I11: =IFERROR(Таб04_08[[#This Row],[Цена]]*Таб04_08[[#This Row],[Заказ]],"") -> 0 | J11: Под заказ | K11: =IF(AND($K$4>0,$K$4<300),"Минимальный заказ по вкладке 300 евро","")
B12: 04-08-0991 | C12: Азалия/Рододендрон (Rhododendron Pearce's A. Beauty) C1,5 | D12: C1,5 | E12: Лиственные | F12: 5 | G12: 6.33 | I12: =IFERROR(Таб04_08[[#This Row],[Цена]]*Таб04_08[[#This Row],[Заказ]],"") -> 0 | J12: Под заказ | K12: =IF(AND($K$4>0,$K$4<300),"Минимальный заказ по вкладке 300 евро","")
B13: 04-08-0992 | C13: Азалия/Рододендрон (Rhododendron Pearce's A. Beauty) C3 | D13: C3 | E13: Лиственные | F13: 3 | G13: 9.92 | I13: =IFERROR(Таб04_08[[#This Row],[Цена]]*Таб04_08[[#This Row],[Заказ]],"") -> 0 | J13: Под заказ | K13: =IF(AND($K$4>0,$K$4<300),"Минимальный заказ по вкладке 300 евро","")
B14: 04-08-0995 | C14: Азалия/Рододендрон (Rhododendron Polarnacht) C3 | D14: C3 | E14: Лиственные | F14: 3 | G14: 9.92 | I14: =IFERROR(Таб04_08[[#This Row],[Цена]]*Таб04_08[[#This Row],[Заказ]],"") -> 0 | J14: Под заказ | K14: =IF(AND($K$4>0,$K$4<300),"Минимальный заказ по вкладке 300 евро","")
B15: 04-08-0998 | C15: Азалия/Рододендрон (Rhododendron Red Jack) C1,5 | D15: C1,5 | E15: Лиственные | F15: 5 | G15: 6.33 | I15: =IFERROR(Таб04_08[[#This Row],[Цена]]*Таб04_08[[#This Row],[Заказ]],"") -> 0 | J15: Под заказ | K15: =IF(AND($K$4>0,$K$4<300),"Минимальный заказ по вкладке 300 евро","")
B16: 04-08-0607 | C16: Акебия пятерная (Akebia quinata) C2 | D16: C2 | E16: Лиственные | F16: 3 | G16: 6.87 | I16: =IFERROR(Таб04_08[[#This Row],[Цена]]*Таб04_08[[#This Row],[Заказ]],"") -> 0 | J16: Под заказ | K16: =IF(AND($K$4>0,$K$4<300),"Минимальный заказ по вкладке 300 евро","")
... B377: 04-08-0880 | C377: Яблоня (Malus Royalty) C7 PA | D377: C7 | E377: Лиственные | F377: 1 | G377: 26.72 | I377: =IFERROR(Таб04_08[[#This Row],[Цена]]*Таб04_08[[#This Row],[Заказ]],"") -> 0 | J377: Под заказ | K377: =IF(AND($K$4>0,$K$4<300),"Минимальный заказ по вкладке 300 евро","")

Sheet Польша 04-29
B1: ПОСТАВЩИК №7 | C1: Польша 04-29 ВЕСНА 2024
C2: Минимальный заказ: 300 евро
B3: Артикул | C3: Наименование | D3: Контейнер/корень | E3: Группа товаров | F3: Кратность заказа | G3: Цена | H3: Заказ | I3: Итого | J3: Наличие | K3: Итого Евро | L3: Итого в руб.
K4: =SUM(Таб04_29[Итого]) -> 0 | L4: =Таб04_29[[#This Row],[Итого Евро]]*ПРАЙС!$F$14 -> 0
B5: 04-29-0001 | C5: Абелиолистник двурядный (Abeliophyllum distichum Roseum) C1,5 50-70 | D5: C1,5 | E5: Хвойные | F5: 5 | G5: 13.48 | I5: =Таб04_29[[#This Row],[Цена]]*Таб04_29[[#This Row],[Заказ]] -> 0 | J5: Под заказ | K5: =IF(AND($K$4>0,$K$4<300),"Минимальный заказ по вкладке 300 евро","")
B6: 04-29-0178 | C6: Азимина трёхлопастная (Asimina triloba) P11/C1,5 60-80 | D6: P11/C1,5 | E6: Лиственные | F6: 5 | G6: 23.15 | I6: =Таб04_29[[#This Row],[Цена]]*Таб04_29[[#This Row],[Заказ]] -> 0 | J6: Под заказ | K6: =IF(AND($K$4>0,$K$4<300),"Минимальный заказ по вкладке 300 евро","")
B7: 04-29-0313 | C7: Айва (Chaenomeles Friesdorfer) C2 20-30 | D7: C2 | E7: Лиственные | F7: 3 | G7: 13.37 | I7: =Таб04_29[[#This Row],[Цена]]*Таб04_29[[#This Row],[Заказ]] -> 0 | J7: Под заказ | K7: =IF(AND($K$4>0,$K$4<300),"Минимальный заказ по вкладке 300 евро","")
B8: 04-29-0317 | C8: Айва превосходная (Chaenomeles superba Clementine) C1,5 50-60 | D8: C1,5 | E8: Лиственные | F8: 5 | G8: 11.71 | I8: =Таб04_29[[#This Row],[Цена]]*Таб04_29[[#This Row],[Заказ]] -> 0 | J8: Под заказ | K8: =IF(AND($K$4>0,$K$4<300),"Минимальный заказ по вкладке 300 евро","")
B9: 04-29-0318 | C9: Айва превосходная (Chaenomeles superba Crimson and Gold) C1,5 40-50 | D9: C1,5 | E9: Лиственные | F9: 5 | G9: 10.65 | I9: =Таб04_29[[#This Row],[Цена]]*Таб04_29[[#This Row],[Заказ]] -> 0 | J9: Под заказ | K9: =IF(AND($K$4>0,$K$4<300),"Минимальный заказ по вкладке 300 евро","")
B10: 04-29-0312 | C10: Айва превосходная (Chaenomeles superba Hollandia) C2 30-40 | D10: C2 | E10: Лиственные | F10: 3 | G10: 13.37 | I10: =Таб04_29[[#This Row],[Цена]]*Таб04_29[[#This Row],[Заказ]] -> 0 | J10: Под заказ | K10: =IF(AND($K$4>0,$K$4<300),"Минимальный заказ по вкладке 300 евро","")
B11: 04-29-0319 | C11: Айва превосходная (Chaenomeles superba Jet Trail) C1,5 40-60 | D11: C1,5 | E11: Лиственные | F11: 5 | G11: 11.71 | I11: =Таб04_29[[#This Row],[Цена]]*Таб04_29[[#This Row],[Заказ]] -> 0 | J11: Под заказ | K11: =IF(AND($K$4>0,$K$4<300),"Минимальный заказ по вкладке 300 евро","")
B12: 04-29-0320 | C12: Айва превосходная (Chaenomeles superba Orange Storm) C2 30-40 | D12: C2 | E12: Лиственные | F12: 3 | G12: 13.37 | I12: =Таб04_29[[#This Row],[Цена]]*Таб04_29[[#This Row],[Заказ]] -> 0 | J12: Под заказ | K12: =IF(AND($K$4>0,$K$4<300),"Минимальный заказ по вкладке 300 евро","")
B13: 04-29-0321 | C13: Айва превосходная (Chaenomeles superba Orange Trail) C1,5 20-40 | D13: C1,5 | E13: Лиственные | F13: 5 | G13: 10.65 | I13: =Таб04_29[[#This Row],[Цена]]*Таб04_29[[#This Row],[Заказ]] -> 0 | J13: Под заказ | K13: =IF(AND($K$4>0,$K$4<300),"Минимальный заказ по вкладке 300 евро","")
B14: 04-29-0322 | C14: Айва превосходная (Chaenomeles superba Pink Trail) C1,5 30-40 | D14: C1,5 | E14: Лиственные | F14: 5 | G14: 11.71 | I14: =Таб04_29[[#This Row],[Цена]]*Таб04_29[[#This Row],[Заказ]] -> 0 | J14: Под заказ | K14: =IF(AND($K$4>0,$K$4<300),"Минимальный заказ по вкладке 300 евро","")
B15: 04-29-0323 | C15: Айва превосходная (Chaenomeles superba Red Trail) C2 30-40 | D15: C2 | E15: Лиственные | F15: 3 | G15: 13.37 | I15: =Таб04_29[[#This Row],[Цена]]*Таб04_29[[#This Row],[Заказ]] -> 0 | J15: Под заказ | K15: =IF(AND($K$4>0,$K$4<300),"Минимальный заказ по вкладке 300 евро","")
B16: 04-29-0324 | C16: Айва превосходная (Chaenomeles superba Texas Scarlet) C2 30-40 | D16: C2 | E16: Лиственные | F16: 3 | G16: 13.37 | I16: =Таб04_29[[#This Row],[Цена]]*Таб04_29[[#This Row],[Заказ]] -> 0 | J16: Под заказ | K16: =IF(AND($K$4>0,$K$4<300),"Минимальный заказ по вкладке 300 евро","")
... B1823: 04-29-0570 | C1823: Ясень узколистная (Fraxinus angustifolia Variegata) C1,5 100-130 | D1823: C1,5 | E1823: Лиственные | F1823: 5 | G1823: 21.27 | I1823: =Таб04_29[[#This Row],[Цена]]*Таб04_29[[#This Row],[Заказ]] -> 0 | J1823: Под заказ | K1823: =IF(AND($K$4>0,$K$4<300),"Минимальный заказ по вкладке 300 евро","")

Sheet Польша 04-30
B1: ПОСТАВЩИК №8 | C1: Польша 04-30 ВЕСНА 2024
C2: Минимальный заказ: 300 евро
B3: Артикул | C3: Наименование | D3: Контейнер/корень | E3: Группа товаров | F3: Кратность заказа | G3: Цена | H3: Заказ | I3: Итого | J3: Наличие | K3: Итого Евро | L3: Итого в руб.
K4: =SUM(Таб04_30[Итого]) -> 0 | L4: =Таб04_30[[#This Row],[Итого Евро]]*ПРАЙС!$F$14 -> 0
B5: 04-30-0078 | C5: Ель восточная (Picea orientalis Juwel) C4 РА40 10-15 | D5: C4 | E5: Хвойные | F5: 1 | G5: 35.29 | I5: =Таб04_30[[#This Row],[Цена]]*Таб04_30[[#This Row],[Заказ]] -> 0 | J5: Под заказ | K5: =IF(AND($K$4>0,$K$4<300),"Минимальный заказ по вкладке 300 евро","")
B6: 04-30-0079 | C6: Ель восточная (Picea orientalis Juwel) C5 РА60 15-20 | D6: C5 | E6: Хвойные | F6: 1 | G6: 40.28 | I6: =Таб04_30[[#This Row],[Цена]]*Таб04_30[[#This Row],[Заказ]] -> 0 | J6: Под заказ | K6: =IF(AND($K$4>0,$K$4<300),"Минимальный заказ по вкладке 300 евро","")
B7: 04-30-0080 | C7: Ель восточная (Picea orientalis Prof Langner) C4 РА50 5-10 | D7: C4 | E7: Хвойные | F7: 1 | G7: 38.21 | I7: =Таб04_30[[#This Row],[Цена]]*Таб04_30[[#This Row],[Заказ]] -> 0 | J7: Под заказ | K7: =IF(AND($K$4>0,$K$4<300),"Минимальный заказ по вкладке 300 евро","")
B8: 04-30-0081 | C8: Ель восточная (Picea orientalis Sulphur Flush) C4 20-40 | D8: C4 | E8: Хвойные | F8: 1 | G8: 32.79 | I8: =Таб04_30[[#This Row],[Цена]]*Таб04_30[[#This Row],[Заказ]] -> 0 | J8: Под заказ | K8: =IF(AND($K$4>0,$K$4<300),"Минимальный заказ по вкладке 300 евро","")
B9: 04-30-0082 | C9: Ель колючая (Picea pungens Glauca Globosa) C5 РА40 15-20 | D9: C5 | E9: Хвойные | F9: 1 | G9: 40.28 | I9: =Таб04_30[[#This Row],[Цена]]*Таб04_30[[#This Row],[Заказ]] -> 0 | J9: Под заказ | K9: =IF(AND($K$4>0,$K$4<300),"Минимальный заказ по вкладке 300 евро","")
B10: 04-30-0083 | C10: Ель колючая (Picea pungens Glauca Globosa) C5 РА80-100 15-20 | D10: C5 | E10: Хвойные | F10: 1 | G10: 41.53 | I10: =Таб04_30[[#This Row],[Цена]]*Таб04_30[[#This Row],[Заказ]] -> 0 | J10: Под заказ | K10: =IF(AND($K$4>0,$K$4<300),"Минимальный заказ по вкладке 300 евро","")
B11: 04-30-0084 | C11: Ель колючая (Picea pungens Lucky Strike) C4 15-20 | D11: C4 | E11: Хвойные | F11: 1 | G11: 32.79 | I11: =Таб04_30[[#This Row],[Цена]]*Таб04_30[[#This Row],[Заказ]] -> 0 | J11: Под заказ | K11: =IF(AND($K$4>0,$K$4<300),"Минимальный заказ по вкладке 300 евро","")
B12: 04-30-0085 | C12: Ель колючая (Picea pungens Oliwia) C5 РА50-60 15-20 | D12: C5 | E12: Хвойные | F12: 1 | G12: 38.62 | I12: =Таб04_30[[#This Row],[Цена]]*Таб04_30[[#This Row],[Заказ]] -> 0 | J12: Под заказ | K12: =IF(AND($K$4>0,$K$4<300),"Минимальный заказ по вкладке 300 евро","")
B13: 04-30-0086 | C13: Ель колючая (Picea pungens Pali) C4 РА50 10-15 | D13: C4 | E13: Хвойные | F13: 1 | G13: 34.04 | I13: =Таб04_30[[#This Row],[Цена]]*Таб04_30[[#This Row],[Заказ]] -> 0 | J13: Под заказ | K13: =IF(AND($K$4>0,$K$4<300),"Минимальный заказ по вкладке 300 евро","")
B14: 04-30-0074 | C14: Ель ликиангинская (Picea likiangensis Mittenwald) C4 20-30 | D14: C4 | E14: Хвойные | F14: 1 | G14: 34.04 | I14: =Таб04_30[[#This Row],[Цена]]*Таб04_30[[#This Row],[Заказ]] -> 0 | J14: Под заказ | K14: =IF(AND($K$4>0,$K$4<300),"Минимальный заказ по вкладке 300 евро","")
B15: 04-30-0075 | C15: Ель мексиканский (Picea mexicana Pervana) C4 20-40 | D15: C4 | E15: Хвойные | F15: 1 | G15: 35.29 | I15: =Таб04_30[[#This Row],[Цена]]*Таб04_30[[#This Row],[Заказ]] -> 0 | J15: Под заказ | K15: =IF(AND($K$4>0,$K$4<300),"Минимальный заказ по вкладке 300 евро","")
B16: 04-30-0062 | C16: Ель обыкновенная (Picea abies Berry Garden) C4 10-15 | D16: C4 | E16: Хвойные | F16: 1 | G16: 35.29 | I16: =Таб04_30[[#This Row],[Цена]]*Таб04_30[[#This Row],[Заказ]] -> 0 | J16: Под заказ | K16: =IF(AND($K$4>0,$K$4<300),"Минимальный заказ по вкладке 300 евро","")
... B261: 04-30-0257 | C261: Туя складчатая (Thuja plicata Whipcord) C5 РА90-120 20-30 | D261: C5 | E261: Хвойные | F261: 1 | G261: 48.2 | I261: =Таб04_30[[#This Row],[Цена]]*Таб04_30[[#This Row],[Заказ]] -> 0 | J261: Под заказ | K261: =IF(AND($K$4>0,$K$4<300),"Минимальный заказ по вкладке 300 евро","")
